 Dungeon Crawl Stone Soup version 0.27-a0-1325-g58a489ad9e (webtiles) character file.

Game seed: 518741441768230876

797 Mamutox the Ruffian (level 7, -6/67 HPs)
             Began as a Troll Hunter on June 24, 2021.
             Was a Follower of Okawaru.
             Mangled by a vampire mosquito (8 damage)
             ... on level 5 of the Dungeon.
             The game lasted 00:15:48 (3304 turns).

Mamutox the Ruffian (Troll Hunter)                  Turns: 3304, Time: 00:15:48

Health: -6/67      AC:  4    Str: 21    XL:     7   Next: 58%
Magic:  6/6        EV: 10    Int:  7    God:    Okawaru [*.....]
Gold:   196        SH:  0    Dex: 12    Spells: 6/6 levels left

rFire    . . .     SeeInvis .     - Unarmed
rCold    . . .     Faith    +   (no shield)
rNeg     . . .     Spirit   .   b - +0 robe
rPois    .         Reflect  .   (helmet restricted)
rElec    .         Harm     .   (no cloak)
rCorr    .         Rampage  .   (gloves unavailable)
Will     .....                  (boots unavailable)
Stlth    +.........             k - amulet of faith
HPRegen  1.21/turn              (no ring)
MPRegen  0.10/turn              (no ring)

@: no status effects
A: large, unfitting armour, claws 3, regeneration 1, shaggy fur 1, tough skin 1
a: Renounce Religion, Heroism


You were on level 5 of the Dungeon.
You worshipped Okawaru.
Okawaru was aware of your devotion.
You visited 2 branches of the dungeon, and saw 6 of its levels.

You collected 196 gold pieces.

Inventory:

Hand Weapons
 a - a +0 short sword
 q - a +3 trident of freezing
Missiles
 c - 5 large rocks (quivered)
 d - 2 throwing nets
 g - 32 poisoned darts
Armour
 b - a +0 robe (worn)
Jewellery
 k - an amulet of faith (around neck)
Scrolls
 e - 2 scrolls of teleportation
 f - a scroll of noise {unknown}
 h - 3 scrolls of identify
 i - a scroll of magic mapping
 j - 3 scrolls of amnesia {unknown}
 l - 2 scrolls of enchant armour {unknown}
 u - a scroll of immolation {unknown}
Potions
 m - a potion of lignification {unknown}
 n - a potion of curing {unknown}
 o - a potion of haste {unknown}
 p - a potion of attraction {unknown}
 r - a potion of berserk rage {unknown}
 s - a potion of mutation {unknown}
 t - 3 potions of flight {unknown}


   Skills:
 + Level 3.4 Fighting
 + Level 5.0 Throwing
 + Level 3.4 Dodging
 - Level 0.3 Stealth
 * Level 5.2 Unarmed Combat
 + Level 0.0 Invocations


You had 6 spell levels left.
You didn't know any spells.
Your spell library was empty.

Dungeon Overview and Level Annotations

Branches:
Dungeon (5/15)             Temple (1/1) D:4

Altars:
Ashenzari
Cheibriados
Elyvilon
Fedhas
Gozag
Hepliaklqana
Kikubaaqudgha
Makhleb
Nemelex Xobeh
Okawaru
Qazlal
Trog
Uskayaw
Vehumet
Yredelemnul
Zin
The Shining One


Innate Abilities, Weirdness & Mutations

You are too large for most types of armour.
You have claws for hands.
Your natural rate of healing is unusually fast.
You are covered in fur. (AC +1)
You have tough skin. (AC +1)


Message History

You climb downwards.
There is a stone staircase leading up here. 4 vampire mosquitoes come into view.
The vampire mosquito buzzes angrily. x4
A howler monkey comes into view.
There is a stone staircase leading up here.
The vampire mosquito closely misses you.
The vampire mosquito bites you.
The vampire mosquito draws strength from your injuries!
You climb upwards.
There is a stone staircase leading down here.
There is a stone staircase leading down here.
You climb downwards.
The vampire mosquito bites you.
The vampire mosquito draws strength from your injuries!
The vampire mosquito bites you!
The vampire mosquito draws strength from your injuries!
The vampire mosquito bites you.
The vampire mosquito draws strength from your injuries!
The vampire mosquito bites you but does no damage.
The vampire mosquito bites you.
The vampire mosquito draws strength from your injuries!
The vampire mosquito closely misses you.
The vampire mosquito bites you!
The vampire mosquito draws strength from your injuries!
The vampire mosquito bites you.
The vampire mosquito draws strength from your injuries!
The vampire mosquito bites you!
The vampire mosquito draws strength from your injuries!
There is a stone staircase leading up, spattered with blood here.
The vampire mosquito bites you but does no damage.
The vampire mosquito bites you!
The vampire mosquito draws strength from your injuries!
The vampire mosquito bites you!
* * * LOW HITPOINT WARNING * * *
The vampire mosquito draws strength from your injuries!
The vampire mosquito barely misses you. The vampire mosquito bites you!
* * * LOW HITPOINT WARNING * * *
The vampire mosquito draws strength from your injuries!
The vampire mosquito bites you!
You die...

### . ..## h.
#... ... #..#
..yy #..# #
..y.. #yy##.#..#
......#y@.......
.......y.......#
################


You could see 4 vampire mosquitoes.

Vanquished Creatures
  Grinder (D:4)
  Menkaure (D:4)
  An ice beast (D:4)
  A black bear (D:4)
  A bullfrog zombie (D:4)
  2 centaur skeletons (D:4)
  2 hounds (D:4)
  Robin (D:3)
  3 gnolls (D:4)
  3 adders
  2 worms
  A dart slug (D:3)
  2 orcs
  4 endoplasms
  6 giant cockroaches
  8 goblins
  11 hobgoblins
  12 jackals
  3 quokkas
  8 ball pythons
  7 bats
  6 kobolds
  2 rats (D:1)
88 creatures vanquished.

Vanquished Creatures (others)
  4 fungi (D:5)
4 creatures vanquished.

Grand Total: 92 creatures vanquished

Notes
Turn   | Place    | Note
-------+----------+-------------------------------------------
     0 | D:1      | Mamutox the Troll Hunter began the quest for the Orb.
     0 | D:1      | Reached XP level 1. HP: 19/19 MP: 0/0
   154 | D:1      | Reached XP level 2. HP: 28/28 MP: 1/1
   228 | D:1      | Reached skill level 1 in Unarmed Combat
   540 | D:1      | Found a faded altar of an unknown god.
   869 | D:2      | Reached XP level 3. HP: 26/35 MP: 2/2
  1334 | D:3      | Reached XP level 4. HP: 42/42 MP: 3/3
  1738 | D:3      | Noticed Robin
  1763 | D:3      | Killed Robin
  1931 | D:3      | Found a radiant altar of Vehumet.
  2384 | D:4      | Reached XP level 5. HP: 41/50 MP: 4/4
  2419 | D:4      | Noticed an ice beast
  2634 | D:4      | Killed an ice beast
  2635 | D:4      | Reached XP level 6. HP: 59/59 MP: 5/5
  2811 | D:4      | Found a staircase to the Ecumenical Temple.
  2823 | Temple   | Entered the Ecumenical Temple
  2858 | Temple   | Became a worshipper of Warmaster Okawaru
  2927 | D:4      | Noticed Grinder
  2928 | D:4      | Paralysed by Grinder for 5 turns
  2940 | D:4      | Killed Grinder
  2940 | D:4      | Reached * piety under Okawaru
  2941 | D:4      | Reached XP level 7. HP: 50/67 MP: 6/6
  3130 | D:4      | Noticed Menkaure
  3136 | D:4      | Killed Menkaure
  3137 | D:4      | Reached skill level 5 in Throwing
  3137 | D:4      | Reached skill level 5 in Unarmed Combat
  3289 | D:5      | Entered Level 5 of the Dungeon
  3290 | D:5      | Noticed a vampire mosquito
  3290 | D:5      | Noticed a vampire mosquito
  3290 | D:5      | Noticed a vampire mosquito
  3290 | D:5      | Noticed a vampire mosquito
  3304 | D:5      | HP: 2/67 [vampire mosquito (9)]
  3304 | D:5      | Mangled by a vampire mosquito

Illustrated notes

Levels and vault maps discovered:
D:1:      dpeg_arrival_rooms_with_view, layout_loops_ring,
          ebering_ecumenical_altar_petrified, minmay_ruptured
D:2:      layout_rooms
D:3:      layout_basic, nicolae_vehumet_altar_sigil,
          kennysheep_decorative_pillar, uniq_robin
D:4:      layout_loops_ring, minmay_temple_entry_statues_fountains,
          uniq_grinder, uniq_menkaure
D:5:      layout_loops_cross, serial_aquarium, aquarium_bridge_square
          [aquarium_subvault_wall, aquarium_subvault_wall,
          aquarium_subvault_bridge, aquarium_subvault_bridge],
          aquarium_bridge_square [aquarium_subvault_wall,
          aquarium_subvault_window, aquarium_subvault_wall,
          aquarium_subvault_bridge], aquarium_window_2, aquarium_window_fake,
          aquarium_window_fake, aquarium_view_2f, aquarium_balcony_3b
Temple:   compressed_dpeg_triangle_lava_temple

Skill      XL: |  1  2  3  4  5  6  7 |
---------------+----------------------+-----
Unarmed Combat | 1 2 3 4 5 |  5.2
Fighting       | 2 3 |  3.4
Dodging        | 2 3 |  3.4
Throwing       | 4 5 |  5.0
Stealth        | |  0.3

Action                   |  1- 3 |  4- 6 |  7- 9 || total
-------------------------+-------+-------+-------++-------
Melee: Unarmed           |   132 |   117 |    11 ||   260
       Punch             |     1 |     2 |       ||     3
Throw: Large rock        |       |     3 |     1 ||     4
  Use: Scroll            |       |     5 |       ||     5
 Stab: Sleeping          |       |     1 |       ||     1
Armor: Robe              |    66 |    37 |     3 ||   106
Dodge: Dodged            |    99 |    61 |    12 ||   172

Table legend: (Time is in decaauts)
 A = Elapsed time spent in this place.
 B = Non-inter-level travel time spent in this place.
 C = Inter-level travel time spent in this place.
 D = Time resting spent in this place.
 E = Time spent auto-exploring this place.
 F = Levels seen in this place.
 G = Mean time per level.
                   A        B        C        D        E       F      G
               +--------+--------+--------+--------+--------+-----+--------+
         Total |   3300 |   3247 |     53 |    202 |   1822 |   6 |  550.0 |
       Dungeon |   3257 |   3204 |     53 |    202 |   1822 |   5 |  651.4 |
        Temple |     42 |     42 |      0 |      0 |      0 |   1 |   42.0 |
               +--------+--------+--------+--------+--------+-----+--------+

Top non-repeatable levels by time:
     D:3: 1032 daAuts
     D:4: 887 daAuts
     D:1: 854 daAuts
     D:2: 475 daAuts
  Temple: 42 daAuts
     D:5: 7 daAuts
